 Dungeon Crawl Stone Soup version 0.18.1-48-g4cf74bf (webtiles) character file.

459 Galewin the Insei (level 7, 0/43 HPs)
             Began as a Tengu Monk on July 6, 2016.
             Slain by an orc wizard
             ... wielding a +2 dagger of speed
              (5 damage)
             ... on level 3 of the Dungeon.
             The game lasted 00:09:29 (2095 turns).

Galewin the Insei (Tengu Monk)                      Turns: 2095, Time: 00:09:30

Health: 0/43       AC:  2    Str: 13 (14) XL:     7   Next: 6%
Magic:  8/8        EV: 15    Int:  9 (10) God:
Gold:   152        SH:  0    Dex: 16      Spells: 0 memorised, 6 levels left

rFire  . . .     SeeInvis .       - Unarmed
rCold  . . .     Gourm    .     a - +0 robe
rNeg   . . .     Faith    .     (no shield)
rPois  .         Spirit   .     (helmet restricted)
rElec  .         Dismiss  .     (no cloak)
rCorr  .         Reflect  .     (no gloves)
SustAt .         Harm     .     (boots unavailable)
MR     .....                    (no amulet)
Stlth  +++.......               (no ring)
                                (no ring)

@: not resistant to hostile enchantments, fairly stealthy
A: beak, talons 3, able to fly 1
a: Fly


You were on level 3 of the Dungeon.
You were not hungry.

You visited 1 branch of the dungeon, and saw 3 of its levels.

You collected 152 gold pieces.

Inventory:

Armour
 a - a +0 robe (worn)
Jewellery
 d - a +3 ring of dexterity {unknown}
 m - an uncursed ring of positive energy {unknown}
Potions
 f - a potion of brilliance
Comestibles
 b - 2 bread rations
 i - a meat ration
 n - a chunk of flesh


   Skills:
 + Level 4.1 Fighting
 + Level 4.6 Dodging
 * Level 4.8 Stealth
 * Level 6.2 Unarmed Combat


You had 6 spell levels left.
You didn't know any spells.

Dungeon Overview and Level Annotations

Branches:
Dungeon (3/15)

Altars:
Pakellas


Innate Abilities, Weirdness & Mutations

You have a beak for a mouth.
You have claws for feet.
You can fly.


Message History

You hear some strange, mumbled words.
A puff of frost appears from out of thin air!
The puff of frost hits you!
There is an open door, spattered with blood here.
Things that are here:
a flail; a mace; a leather armour You miss something.
Your kick misses something. Your peck misses something. Something hits you.
You miss something. Your kick misses something.
You hear some strange, mumbled words.
A puff of frost appears from out of thin air!
The puff of frost misses you.
You hear some strange, mumbled words.
A magic dart appears from out of thin air!
The magic dart hits you!
* * * LOW HITPOINT WARNING * * *
You closely miss something. Your kick misses something. Something hits you.
* * * LOW HITPOINT WARNING * * *
You closely miss something. You peck something. Something hits you.
You die...

#######'#.#.....##......
#.........#.....########
#.........#.....########
#.........'.....'......†
#........##.....########
*######'######### # #.#
# #.# #### *#@#** #...
#.{..# #... #....# #...
#....# #### #....#
##+### *,* ******* *,*
*,,,,,* **+**** *,***,*


There were no monsters in sight!

Vanquished Creatures
  Sigmund (D:2)
  The ghost of poirepourri the Conjurer, an amateur DECj of Vehumet (D:3)
  2 orc priests (D:3)
  Jessica (D:2)
  3 adders
  An ooze (D:2)
  3 worms
  A dart slug (D:2)
  2 giant geckos
  7 orcs (D:3)
  8 bats
  6 giant cockroaches
  5 goblins
  4 hobgoblins (D:1)
  4 jackals (D:1)
  5 kobolds
  2 giant newts
  9 rats
65 creatures vanquished.

Notes
Turn   | Place    | Note
--------------------------------------------------------------
     0 | D:1      | Galewin the Tengu Monk began the quest for the Orb.
     0 | D:1      | Reached XP level 1. HP: 14/14 MP: 2/2
   102 | D:1      | Reached XP level 2. HP: 17/19 MP: 3/3
   435 | D:1      | Reached XP level 3. HP: 19/23 MP: 4/4
   715 | D:2      | Found an oddly glowing altar of Pakellas.
   948 | D:2      | HP: 1/23 [worm (12)]
   985 | D:2      | Reached XP level 4. HP: 15/28 MP: 5/5
  1039 | D:2      | Noticed Jessica
  1043 | D:2      | Killed Jessica
  1043 | D:2      | Reached skill level 5 in Unarmed Combat
  1177 | D:2      | Noticed Sigmund
  1190 | D:2      | Killed Sigmund
  1190 | D:2      | Gained mutation: You can fly. [Tengu growth]
  1190 | D:2      | Reached XP level 5. HP: 23/33 MP: 6/6
  1190 | D:2      | Reached XP level 6. HP: 27/38 MP: 7/7
  1993 | D:3      | Noticed poirepourri's ghost (amateur DECj)
  2020 | D:3      | HP: 1/38 [poirepourri's ghost/magic dart (10)]
  2047 | D:3      | Killed poirepourri's ghost
  2047 | D:3      | Reached skill level 6 in Unarmed Combat
  2090 | D:3      | Reached XP level 7. HP: 22/43 MP: 8/8
  2095 | D:3      | Slain by an orc wizard

Skill      XL: |  1  2  3  4  5  6 |
---------------+-------------------+-----
Stealth        | 3 4 |  4.8
Unarmed Combat | 5 6 |  6.2
Dodging        | 4 |  4.6
Fighting       | 4 |  4.1

Action                   |  1- 3 |  4- 6 |  7- 9 || total
-------------------------+-------+-------+-------++-------
Melee: Unarmed           |   106 |    97 |     4 ||   207
       Kick              |    24 |    24 |       ||    48
       Peck              |    20 |    17 |     1 ||    38
       Punch             |     1 |     2 |       ||     3
  Use: Potion            |     3 |    10 |       ||    13
       Scroll            |     2 |     2 |       ||     4
 Stab: Sleeping          |     3 |     2 |       ||     5
       Invisible         |       |     6 |       ||     6
  Eat: Chunk             |       |     5 |       ||     5
Armor: Robe              |    19 |     5 |       ||    24
Dodge: Dodged            |    77 |    58 |     1 ||   136
